 Dungeon Crawl Stone Soup version 0.30.0-16-gbe6223bb7e (webtiles) character file.

Game seed: 8554134707186682924

82369 NateTC the Marksspriggan (level 15, -2/84 HPs)
             Began as a Spriggan Hunter on May 20, 2023.
             Was the Champion of Okawaru.
             Slain by a red ugly thing (21 damage)
             ... on level 15 of the Dungeon.
             The game lasted 00:53:38 (22432 turns).

NateTC the Marksspriggan (Spriggan Hunter)         Turns: 22432, Time: 00:53:38

Health: -2/84      AC:  9    Str:  7    XL:     15   Next: 29%
Magic:  22/22      EV: 39    Int: 11    God:    Okawaru [******]
Gold:   2201       SH:  0    Dex: 29    Spells: 14/14 levels left

rFire   . . .        a - +8 arbalest
rCold   + + .        (shield currently unavailable)
rNeg    . . .        C - +3 steam dragon scales
rPois   +            l - +1 hat of Minor Irritation {rC++}
rElec   .            j - scarf {harm}
rCorr   .            (gloves unavailable)
SInv    +            (boots unavailable)
Will    ++...        (no amulet)
Stlth   ++++         J - ring "Oqele" {rPois Dex+3}
HPRegen 0.34/turn    q - ring of flight
MPRegen 0.18/turn

%: harm (+30% outgoing, +20% incoming)
@: flying, very quick
A: very small, no large weapons, unfitting armour, see invisible, speed 3
a: Renounce Religion, Heroism, Finesse, Duel


You were on level 15 of the Dungeon.
You worshipped Okawaru.
Okawaru was exalted by your worship.
You visited 4 branches of the dungeon, and saw 23 of its levels.
You also visited: Gauntlet.

You collected 3832 gold pieces.
You spent 1631 gold pieces at shops.

Inventory:

Hand Weapons
 a - a +8 arbalest (weapon)
 b - the +4 dagger of Dumaut {flame, rC+ rN+ Will+ Dex+3}
   (You took it off an orc warrior on level 7 of the Dungeon)

   Dex:       It affects your dexterity (+3).
   rC:        It protects you from cold.
   rN:        It protects you from negative energy.
   Will:      It increases your willpower.
 G - a +3 hand crossbow of freezing
Armour
 j - a scarf of harm (worn)
 l - the +1 hat of Minor Irritation (worn) {rC++}
   (You acquired it on level 3 of the Dungeon)

   rC:        It greatly protects you from cold.
 C - +3 steam dragon scales (worn)
 F - a +1 cloak of willpower
 K - a +2 robe of positive energy
Jewellery
 q - a ring of flight (right hand)
 s - a ring of protection from cold
 J - the ring "Oqele" (left hand) {rPois Dex+3}
   (You acquired it on level 11 of the Dungeon)

   [ring of poison resistance]

   Dex:       It affects your dexterity (+3).
   rPois:     It protects you from poison.
Wands
 o - a wand of acid (5)
 u - a wand of flame (51)
 y - a wand of digging (11)
 D - a wand of iceblast (11)
 E - a wand of paralysis (28)
 H - a wand of mindburst (5)
Scrolls
 c - 2 scrolls of fear
 k - 13 scrolls of teleportation
 w - 4 scrolls of immolation
 A - 2 scrolls of blinking
 B - a scroll of silence
 L - 4 scrolls of identify
Potions
 d - 5 potions of attraction
 e - 7 potions of haste
 f - 8 potions of curing
 g - 5 potions of lignification
 h - 2 potions of magic
 i - a potion of ambrosia
 m - a potion of flight
 n - a potion of brilliance
 p - 8 potions of mutation
 r - 4 potions of heal wounds
 t - 2 potions of invisibility
 v - 2 potions of berserk rage
 x - a potion of resistance
 z - a potion of might
 I - a potion of cancellation
Miscellaneous
 M - a tin of tremorstones (2/2)


   Skills:
 - Level 12.2 Fighting
 - Level 18.0 Ranged Weapons
 * Level 16.7 Dodging
 - Level 7.5 Stealth
 - Level 8.5 Invocations


You had 14 spell levels left.
You didn't know any spells.
Your spell library contained the following spells:

 Spells                   Type           Power      Damage    Failure   Level
 Sandblast                Erth           0%         2d4       34%         1
 Slow                     Hex            0%         N/A       34%         1
 Cigotuvi's Dreadful Rot  Necr/Pois/Air  0%         N/A       47%         2
 Passwall                 Tmut/Erth      0%         N/A       47%         2
 Confusing Touch          Hex            0%         N/A       71%         3
 Dazzling Flash           Conj/Hex       0%         N/A       71%         3
 Inner Flame              Hex/Fire       0%         N/A       71%         3
 Stone Arrow              Conj/Erth      0%         3d7       71%         3
 Vampiric Draining        Necr           0%         2d6       71%         3
 Volatile Blastmotes      Fire/Tloc      0%         2d10      71%         3
 Iskenderun's Mystic Bla  Conj/Tloc      0%         2d3       98%         4
 Yara's Violent Unravell  Hex/Tmut       0%         3d3       100%        5
 Iron Shot                Conj/Erth      0%         9d1       100%        6
 Plasma Beam              Fire/Air       0%         2x1d11    100%        6
 Starburst                Conj/Fire      0%         6d3       100%        6
 Enfeeble                 Hex            0%         N/A       100%        7
 Malign Gateway           Summ/Tloc      Unusable   N/A       N/A         7
 Summon Horrible Things   Summ           Unusable   N/A       N/A         8

Dungeon Overview and Level Annotations

Branches:
Dungeon (15/15) Zot: 26669  Temple (1/1) D:4 Zot: 5907    Lair (5/5) D:8 Zot: 24991
 Shoals (0/4) Lair:3       Spider (0/4) Lair:3        Slime (0/5) Lair:4
    Orc (2/2) D:10 Zot: 10079     Elf (0/3) Orc:2        Vaults (0/5) D:14
Gauntlet (visited)
 Depths: D:15

Altars:
Ashenzari
Cheibriados
Dithmenos
Elyvilon
Fedhas
Gozag
Hepliaklqana
Kikubaaqudgha
Makhleb
Nemelex Xobeh
Okawaru
Qazlal
Ru
Sif Muna
Trog
Uskayaw
Vehumet
Wu Jian
Xom
Yredelemnul
Zin
The Shining One

Shops:
D:4 (   D:8 (   D:9 *   D:10 (   Orc:2 [*[?([

Annotations:
D:7 1 runed translucent door, Crazy Yiuf
D:9 2 transporters, TheFallenCrow's ghost, novice FeAE
Lair:4 1 runed translucent door


Innate Abilities, Weirdness & Mutations

You are very small and have problems with some larger weapons.
You are too small for most types of armour.
You have supernaturally acute eyesight. (SInv)
You cover ground extremely quickly. (Speed+++)


Message History

The manticore flicks its tail.
The volley of spikes misses you.
You hear a horrible gurgling sound!
Fire: a) +8 arbalest
Press: ? - help, Q - select action, (/) - cycle Shift-Dir - straight line, f/p - manticore
Aim: a manticore (almost dead, 84% to hit)
You shoot a bolt. The bolt hits the manticore!
You kill the manticore!
Okawaru accepts your kill.
You hear a horrible gurgling sound!
You start resting.
A red ugly thing comes into view.
Fire: a) +8 arbalest
Press: ? - help, Q - select action, (/) - cycle Shift-Dir - straight line, f - red ugly thing
Aim: a red ugly thing (78% to hit)
You shoot a bolt. The bolt hits the red ugly thing!
The red ugly thing is moderately wounded.
Fire: a) +8 arbalest
Press: ? - help, Q - select action, (/) - cycle Shift-Dir - straight line, f/p - red ugly thing
Aim: a red ugly thing (moderately wounded, 78% to hit)
You shoot a bolt. The bolt hits the red ugly thing!!
The red ugly thing is severely wounded.
You hear a horrible gurgling sound!
The red ugly thing pecks you.
You are engulfed in flames!
You hear a horrible gurgling sound! x2; You hear a shout!
Fire: a) +8 arbalest
Press: ? - help, Q - select action, (/) - cycle Shift-Dir - straight line, f/p - red ugly thing
Aim: a red ugly thing (severely wounded, 78% to hit)
You shoot a bolt.
The bolt closely misses the red ugly thing.
The red ugly thing pecks you but does no damage.
Fire: a) +8 arbalest
Press: ? - help, Q - select action, (/) - cycle Shift-Dir - straight line, f/p - red ugly thing
Aim: a red ugly thing (severely wounded, 78% to hit)
You shoot a bolt.
The bolt closely misses the red ugly thing.
The red ugly thing pecks you!
* * * LOW HITPOINT WARNING * * *
You are engulfed in flames!!
You die...

..............#
.........##'###
.........##.#
.......####.# .......
#.# ..#### #.#
#######'##
#.......†######.#
#........)u@....#
#........########
#........#
####.....*..# ###
#..#......y.#+#...
#..#.......y...#
#..#...........+
#..#######.....#
##..#######.....#####


You could see a red ugly thing.

Vanquished Creatures
  Jorgrun (Orc:2)
  Agnes (D:14)
  Josephine (Lair:5)
  A vault guard (D:14)
  7 hydras
  Fannar (D:8)
  Harold (Lair:2)
  Erolcha (Orc:2)
  A centaur warrior (D:14)
  A boulder beetle (D:15)
  4 catoblepae (Lair:5)
  Erica (D:8)
  A tengu warrior (D:15)
  4 two-headed ogres
  21 death yaks
  An iron troll (D:14)
  2 skysharks
  Lodul (D:14)
  A deep elf pyromancer (D:12)
  Pikel (D:3)
  An oklob plant (Lair:2)
  6 orc sorcerers (Orc:2)
  9 ugly things
  A salamander (shapeshifter) (D:14)
  3 orc knights
  3 cyclopes
  5 manticores
  A merfolk siren (Lair:3)
  2 elephants
  4 black mambas
  Maurice (D:9)
  A gargoyle (D:12)
  6 cane toads
  2 rime drakes
  2 unseen horrors
  A tengu conjurer (D:15)
  11 komodo dragons
  A polar bear (shapeshifter) (D:13)
  7 trolls
  3 meliai (D:15)
  A polar bear (Lair:3)
  Prince Ribbit (D:5)
  14 blink frogs
  5 dream sheep (Lair:4)
  Sigmund (D:6)
  3 jumping spiders (Lair:3)
  12 slime creatures
  A centaur simulacrum (D:14)
  5 wraiths
  47 yaks
  4 wyverns
  5 basilisks
  A steam dragon (shapeshifter) (D:14)
  2 redbacks (Lair:3)
  6 steam dragons
  Menkaure (D:7)
  11 wargs
  2 acid dragons
  10 water moccasins
  17 orc warriors
  2 ice beasts (D:5)
  2 sky beasts
  3 black bears
  9 ogres
  13 wolves
  12 centaurs
  3 lemures (D:3)
  4 phantoms
  3 kobold brigands (D:7)
  13 bullfrogs
  2 scorpions
  7 wights
  2 troll zombies (D:10)
  4 killer bees
  7 howler monkeys
  2 electric eels
  2 jellies (D:6)
  2 hounds
  2 gnoll boudas
  15 orc priests
  An iguana (D:5)
  45 orc wizards
  4 ogre zombies (D:10)
  25 gnolls
  4 adders
  A shadow imp (D:6)
  A white imp (D:5)
  2 worms (D:5)
  3 dart slugs
  80 orcs
  8 ball pythons
  9 endoplasms
  3 giant cockroaches
  6 goblins
  9 hobgoblins
  4 quokkas
  A training dummy (D:10)
  5 bats
  3 frilled lizards
  A goblin skeleton (D:10)
  4 goblin zombies (D:10)
  4 hobgoblin zombies (D:10)
  19 kobolds
  2 orc skeletons (D:10)
  7 orc zombies (D:10)
  6 rats
638 creatures vanquished.

Vanquished Creatures (others)
  A kobold (D:8)
1 creature vanquished.

Grand Total: 639 creatures vanquished

Notes
Turn   | Place    | Note
-------+----------+-------------------------------------------
     0 | D:1      | NateTC the Spriggan Hunter began the quest for the Orb.
     0 | D:1      | Reached XP level 1. HP: 10/10 MP: 2/2
    55 | D:1      | Reached XP level 2. HP: 14/14 MP: 3/3
   227 | D:1      | Reached XP level 3. HP: 18/18 MP: 4/4
   479 | D:2      | Found a faded altar of an unknown god.
   520 | D:2      | Reached skill level 5 in Ranged Weapons
   533 | D:2      | Reached XP level 4. HP: 22/22 MP: 5/5
   900 | D:2      | You fall into a shaft and drop 1 floor!
   983 | D:3      | Reached XP level 5. HP: 25/25 MP: 6/6
  1653 | D:3      | Identified 2 scrolls of acquirement
  1653 | D:3      | Acquired 1130 gold pieces
  1655 | D:3      | Acquired the +1 hat of Minor Irritation {rC++}
  1798 | D:4      | Found an ancient bone altar of Kikubaaqudgha.
  1798 | D:4      | Found a staircase to the Ecumenical Temple.
  1799 | D:4      | Noticed a lemure
  1802 | D:4      | Noticed a lemure
  1802 | D:4      | Noticed a lemure
  1817 | D:3      | Reached skill level 6 in Ranged Weapons
  1819 | D:3      | Killed a lemure
  1828 | D:4      | Noticed Pikel
  1843 | D:3      | Killed a lemure
  1915 | D:4      | Noticed a lemure
  1971 | D:3      | Killed a lemure
  2011 | D:3      | Killed Pikel
  2012 | D:3      | Reached skill level 7 in Ranged Weapons
  2012 | D:3      | Reached XP level 6. HP: 20/30 MP: 7/7
  2012 | D:3      | Reached XP level 7. HP: 22/33 MP: 8/8
  2083 | Temple   | Entered the Ecumenical Temple
  2388 | D:4      | Reached skill level 8 in Ranged Weapons
  2445 | D:4      | Found Xoirymot's Weapon Boutique.
  2690 | D:5      | Entered Level 5 of the Dungeon
  2731 | D:5      | Found an iron altar of Okawaru.
  2737 | D:5      | Became a worshipper of Warmaster Okawaru
  2917 | D:5      | Noticed Prince Ribbit
  2921 | D:5      | Killed Prince Ribbit
  2922 | D:5      | Reached skill level 9 in Ranged Weapons
  2922 | D:5      | Reached XP level 8. HP: 37/37 MP: 9/9
  2947 | D:5      | Reached * piety under Okawaru
  3315 | D:5      | Found an ornate altar of the Wu Jian Council.
  3490 | D:6      | Noticed a komodo dragon
  3558 | D:6      | Killed a komodo dragon
  3559 | D:6      | Reached skill level 10 in Ranged Weapons
  3710 | D:6      | Noticed Sigmund
  3716 | D:6      | Killed Sigmund
  3724 | D:6      | Reached ** piety under Okawaru
  3741 | D:6      | Reached XP level 9. HP: 41/41 MP: 10/10
  3995 | D:6      | Reached skill level 11 in Ranged Weapons
  4225 | D:6      | Found a white marble altar of Elyvilon.
  4372 | D:7      | Reached skill level 1 in Invocations
  4459 | D:7      | Reached *** piety under Okawaru
  4605 | D:7      | Found a snail-covered altar of Cheibriados.
  4625 | D:7      | Reached skill level 12 in Ranged Weapons
  4755 | D:7      | Found a runed translucent door.
  4756 | D:7      | Noticed Crazy Yiuf
  4829 | D:7      | Found a glowing golden altar of the Shining One.
  4911 | D:7      | Reached **** piety under Okawaru
  4912 | D:7      | Reached XP level 10. HP: 46/46 MP: 14/14
  4919 | D:7      | Noticed Menkaure
  5038 | D:7      | Killed Menkaure
  5039 | D:7      | Reached skill level 5 in Invocations
  5577 | D:8      | Identified the +4 dagger of Dumaut {flame, rC+ rN+ Will+
                  | Dex+3}
  5753 | D:8      | Got Zolas's Atlas of the Terrestrial Cumulonimbus
  5907 | D:8      | Noticed Erica
  5911 | D:8      | Killed Erica
  6066 | D:8      | Found Wyatorokh's Antique Weapon Shop.
  6184 | D:8      | Found a staircase to the Lair.
  6260 | D:9      | Found Podoevvul's Lightly-Used Armoury.
  6262 | D:9      | Reached skill level 5 in Stealth
  6279 | D:9      | Found a glowing silver altar of Zin.
  6301 | D:9      | Noticed TheFallenCrow's ghost (novice FeAE)
  6313 | D:9      | Noticed a moth of wrath
  6317 | D:9      | Noticed a two-headed ogre
  6367 | D:9      | Noticed Maurice
  6374 | D:9      | Killed Maurice
  6424 | D:9      | Found a transporter.
  6464 | D:9      | Reached ***** piety under Okawaru
  6685 | D:9      | Found a transporter.
  6687 | D:9      | Noticed a two-headed ogre
  6703 | D:9      | Found a bloodstained altar of Trog.
  6755 | D:9      | Noticed a tengu warrior
  6832 | D:10     | Entered Level 10 of the Dungeon
  7438 | D:10     | Found a staircase to the Orcish Mines.
  7501 | D:10     | Reached XP level 11. HP: 54/54 MP: 16/16
  7572 | D:10     | Found an opulent altar of Gozag.
  7596 | D:10     | Reached skill level 5 in Fighting
  7707 | D:10     | Found a burning altar of Makhleb.
  7720 | D:10     | Reached skill level 13 in Ranged Weapons
  7735 | D:10     | Found Tuots's Firing Range.
  7741 | D:10     | Bought a +3 hand crossbow of freezing for 256 gold pieces
  7774 | D:10     | Found a blossoming altar of Fedhas.
  8138 | Lair:1   | Entered Level 1 of the Lair of Beasts
  8138 | Lair:1   | Noticed Fannar
  8551 | D:8      | Killed Fannar
  8552 | D:8      | Reached skill level 14 in Ranged Weapons
  8916 | Lair:1   | Reached skill level 10 in Dodging
  9178 | Lair:1   | Identified the +0 chain mail "Loogucli" {Harm *Slow Dex+2}
  9249 | Lair:1   | Reached ****** piety under Okawaru
  9345 | Lair:1   | Identified the +0 robe of Qufuwy {Drain Dex+6 Slay-5
                  | Stlth+} (Okawaru gifted it to you on level 1 of the Lair of
                  | Beasts)
  9345 | Lair:1   | Received a gift from Okawaru
  9346 | Lair:1   | Noticed a skyshark
  9356 | Lair:1   | Killed a skyshark
  9388 | Lair:1   | Noticed a seven-headed hydra
  9394 | Lair:1   | Killed a seven-headed hydra
  9395 | Lair:1   | Reached skill level 15 in Ranged Weapons
  9958 | Lair:2   | Reached XP level 12. HP: 60/60 MP: 17/17
 10374 | Lair:2   | Noticed Harold
 10378 | Lair:2   | Killed Harold
 10650 | Lair:3   | Noticed a five-headed hydra
 10650 | Lair:3   | Noticed a death yak
 10650 | Lair:3   | Noticed a death yak
 10650 | Lair:3   | Noticed a death yak
 10650 | Lair:3   | Noticed a death yak
 10652 | Lair:3   | Noticed a death yak
 10652 | Lair:3   | Noticed a death yak
 10656 | Lair:2   | Killed a death yak
 10684 | Lair:2   | Killed a death yak
 11460 | Lair:3   | Reached skill level 16 in Ranged Weapons
 11906 | Lair:3   | Received a gift from Okawaru
 12021 | Lair:3   | Killed a five-headed hydra
 12043 | Lair:3   | Found a hole to the Spider Nest.
 12235 | Lair:3   | Noticed a death yak
 12237 | Lair:3   | Noticed a death yak
 12242 | Lair:3   | Noticed a death yak
 12265 | Lair:3   | Noticed a death yak
 12266 | Lair:3   | Killed a death yak
 12273 | Lair:3   | Killed a death yak
 12310 | Lair:3   | Killed a death yak
 12313 | Lair:3   | Killed a death yak
 12314 | Lair:3   | Reached XP level 13. HP: 34/68 MP: 19/19
 12492 | Lair:3   | Found a staircase to the Shoals.
 12720 | Lair:4   | Found a gate leading to a gauntlet.
 12735 | Gauntlet | Entered a Gauntlet
 12735 | Gauntlet | Found a transporter.
 12738 | Gauntlet | Found a transporter.
 12754 | Gauntlet | Found a transporter.
 12758 | Gauntlet | Found a transporter.
 12779 | Gauntlet | Found a transporter.
 12791 | Gauntlet | Found a runed translucent gate.
 12792 | Gauntlet | Found a transporter.
 12792 | Gauntlet | Found a runed translucent gate.
 12793 | Gauntlet | Found a runed translucent gate.
 12800 | Gauntlet | Noticed a blizzard demon
 12805 | Gauntlet | Found a transporter.
 12806 | Gauntlet | Found a transporter.
 12807 | Gauntlet | Found a transporter.
 12810 | Gauntlet | Found a transporter.
 12811 | Gauntlet | Found a transporter.
 12905 | Gauntlet | Found a transporter.
 13019 | Lair:4   | Found a runed translucent door.
 13449 | Lair:4   | Found a staircase to the Slime Pits.
 13600 | Lair:5   | Entered Level 5 of the Lair of Beasts
 13921 | Lair:5   | Received a gift from Okawaru
 14004 | Lair:5   | Reached skill level 10 in Fighting
 14373 | Lair:5   | Noticed Josephine
 14398 | Lair:5   | Killed Josephine
 14539 | Lair:5   | Received a gift from Okawaru
 14631 | Lair:5   | Reached XP level 14. HP: 79/79 MP: 21/21
 15257 | Lair:5   | Identified the +4 longbow of Equivalence {elec, Will+}
 15580 | Orc:1    | Entered Level 1 of the Orcish Mines
 16138 | Orc:2    | Entered Level 2 of the Orcish Mines
 16141 | Orc:2    | Noticed Jorgrun
 16373 | Orc:2    | Received a gift from Okawaru
 16770 | Orc:2    | Found Vucam's Antique Armour Shop.
 16781 | Orc:2    | Bought a runed cloak for 187 gold pieces
 16819 | Orc:2    | Reached skill level 17 in Ranged Weapons
 16865 | Orc:2    | Found Qicwetes's Armour Shoppe.
 16977 | Orc:2    | HP: 3/80 [constriction (14)]
 17206 | Orc:2    | Identified the +3 lajatang "Sanips" {elec, rF+ Will+ Int-4}
                  | (Okawaru gifted it to you on level 2 of the Orcish Mines)
 17206 | Orc:2    | Received a gift from Okawaru
 17263 | Orc:2    | Killed Jorgrun
 17338 | Orc:2    | Found Kaiceino's Antique Weapon Boutique.
 17338 | Orc:2    | Found Afit's Magic Scroll Shoppe.
 17356 | Orc:2    | Bought a scroll of enchant armour for 82 gold pieces
 17356 | Orc:2    | Bought a scroll of teleportation for 33 gold pieces
 17356 | Orc:2    | Bought a scroll of teleportation for 33 gold pieces
 17392 | Orc:2    | Noticed Erolcha
 17398 | Orc:2    | Killed Erolcha
 17409 | Orc:2    | Found a staircase to the Elven Halls.
 17654 | Orc:2    | Found Luara's General Store.
 17654 | Orc:2    | Found Haqadgh's Armour Shoppe.
 18006 | D:9      | Bought -3 gold dragon scales for 1040 gold pieces
 18192 | D:11     | Acquired the ring "Oqele" {rPois Dex+3}
 19102 | D:12     | Received a gift from Okawaru
 20090 | D:13     | Identified the +1 buckler of Posusm {rElec} (Okawaru gifted
                  | it to you on level 13 of the Dungeon)
 20090 | D:13     | Received a gift from Okawaru
 20182 | D:13     | Reached skill level 15 in Dodging
 20966 | D:14     | Reached XP level 15. HP: 69/84 MP: 22/22
 20984 | D:14     | Noticed Agnes
 21216 | D:14     | Noticed Lodul
 21230 | D:14     | Killed Lodul
 21358 | D:14     | Found a gate to the Vaults.
 21408 | D:14     | Found an opulent altar of Gozag.
 21814 | D:14     | Killed Agnes
 22057 | D:15     | Entered Level 15 of the Dungeon
 22410 | D:15     | Reached skill level 18 in Ranged Weapons
 22432 | D:15     | Slain by a red ugly thing

Illustrated notes

Levels and vault maps discovered:
D:1:      tarquinn_simple_flora_water_c, layout_rooms
D:2:      layout_basic, shapermc_ecumenical_altar_starsandcircs,
          nicolae_underground_beach
D:3:      layout_rooms
D:4:      layout_rooms, mainiacjoe_overflow_alcove_1,
          minmay_temple_entry_sparse_star, serial_shops, shop, uniq_pikel
D:5:      layout_basic, okawaru_gym_becter, nzn_wu_jian_contemplation,
          uniq_prince_ribbit1
D:6:      wad_crossroads, layout_basic, old_standard_altar,
          minmay_misc_feat_square, minmay_misc_feat_four_crosses, uniq_sigmund
D:7:      layout_basic, marbit_many_paths, kennysheep_little_box,
          grunt_ministairs_13, uniq_crazy_yiuf_cottage, uniq_menkaure
D:8:      layout_layer_cave, lair_entry_dummy, serial_shops,
          nicolae_shop_tiny_glass, uniq_erica
D:9:      layout_roguey, zin_treasury, gammafunk_ghost_wrathful_warriors,
          st_stairs_8, minmay_shop_damaged, uniq_maurice
D:10:     layout_roguey, mainiacjoe_overflow_surrounded_room,
          mainiacjoe_overflow_big_doors, zombieorc1_lemuel,
          nicolae_shop_firing_range
D:11:     layout_cross
D:12:     layout_layer_cave
D:13:     layout_roguey
D:14:     layout_basic, david_vaults_4, grunt_gozag_statues, uniq_lodul,
          uniq_agnes
D:15:     grunt_enter_depths_magical_seal, layout_basic,
          hangedman_decor_peaks_small, minmay_crystal_box
Temple:   hellmonk_temple_forest_ring
Lair:1:   layout_layer_cave, chequers_serial_rivers_micro_b,
          hangedman_lair_generics_rect, uniq_fannar
Lair:2:   layout_regular_city, st_stairs_13, nicolae_lair_lil_pond, uniq_harold
Lair:3:   layout_gridlike, minmay_shoals_entry_lonely_mermaid,
          spider_nest_entry_a
Lair:4:   layout_regular_city, slime_entry_2, gauntlet_entry_generic,
          nicolae_quartered_pool_little
Lair:5:   evilmike_catoblepas_cave, layout_small_grid,
          infiniplex_staircase_pool, grunt_megastairs_4, serial_bayou_shore_a,
          uniq_josephine
Orc:1:    layout_caves, basic_altar, serial_shops, nicolae_shop_behind_doors
Orc:2:    st_orc_town, layout_caves, serial_shops, nicolae_shop_rolling_square,
          shop, uniq_jorgrun, uniq_erolcha

Skill      XL: |  1  2  3  4  5  6  7  8  9 10 11 12 13 14 15 |
---------------+----------------------------------------------+-----
Dodging        | 3 4 6 7 9 11 12 15 16 | 16.7
Ranged Weapons | 5 7 9 10 12 15 16 17 18 | 18.0
Invocations    | 4 5 7 8 |  8.5
Stealth        | 7 |  7.5
Fighting       | 4 5 8 11 12 | 12.2

Action                     |  1- 3 |  4- 6 |  7- 9 | 10-12 | 13-15 || total
---------------------------+-------+-------+-------+-------+-------++-------
   Fire: Shortbow          |    84 |   130 |   197 |   592 |   101 ||  1104
         Arbalest          |       |       |       |       |   718 ||   718
 Invoke: Heroism           |       |       |       |     3 |     1 ||     4
         Finesse           |       |       |       |     1 |     2 ||     3
    Use: Scroll            |     3 |     8 |     7 |    15 |     8 ||    41
         Potion            |       |       |       |     1 |     1 ||     2
 Armour: Robe              |     1 |     5 |     2 |    12 |       ||    20
         Steam dragon scal |       |       |       |    16 |    22 ||    38
  Dodge: Dodged            |    19 |    41 |    90 |   385 |   444 ||   979
